 Dungeon Crawl Stone Soup version 0.25-a0-577-ga4619f409e (webtiles) character file.

Game seed: 10888132481775265627, levelgen mode: deterministic

302 Flugslaktarn the Chopper (level 6, -5/57 HPs)
             Began as a Deep Dwarf Fighter on Mar 2, 2020.
             Slain by an ogre
             ... wielding a +0 giant club
              (13 damage)
             ... on level 4 of the Dungeon.
             The game lasted 00:00:47 (872 turns).

Flugslaktarn the Chopper (Deep Dwarf Fighter)        Turns: 872, Time: 00:00:47

Health: -5/57      AC:  7    Str: 21    XL:     6   Next: 14%
Magic:  5/5        EV:  7    Int:  9    God:
Gold:   105        SH: 10    Dex: 12    Spells: 5/5 levels left

rFire    . . .     SeeInvis .   a - +0 war axe
rCold    . . .     Gourm    .   c - +0 kite shield
rNeg     . . .     Faith    .   b - +0 scale mail
rPois    .         Spirit   .   (no helmet)
rElec    .         Reflect  .   (no cloak)
rCorr    .         Harm     .   (no gloves)
MR       .....                  (no boots)
Stlth    ..........             (no amulet)
HPRegen  0.00/turn              (no ring)
MPRegen  0.09/turn              (no ring)

@: non-regenerating
A: damage resistance, heal wounds, sense surroundings 1, no regeneration
a: Heal Wounds


You were on level 4 of the Dungeon.
You were not hungry.

You visited 1 branch of the dungeon, and saw 4 of its levels.

You collected 105 gold pieces.

Inventory:

Hand Weapons
 a - a +0 war axe (weapon)
Armour
 b - a +0 scale mail (worn)
 c - a +0 kite shield (worn)
Jewellery
 j - an uncursed ring of stealth {unknown}
   (You found it on level 1 of the Dungeon)
Scrolls
 h - 2 scrolls of identify {unknown}
 m - a scroll of blinking {unknown}
Potions
 d - a potion of might
 g - a potion of mutation {unknown}
 i - a potion of lignification {unknown}
 k - a potion of heal wounds {unknown}
 l - 2 potions of degeneration {unknown}
Comestibles
 e - 4 rations
 f - 3 chunks of flesh


   Skills:
 + Level 3.6 Fighting
 * Level 4.8 Axes
 + Level 4.4 Armour
 + Level 4.4 Shields


You had 5 spell levels left.
You didn't know any spells.
Your spell library was empty.

Dungeon Overview and Level Annotations

Branches:
Dungeon (4/15)
 Temple: D:4-7

Altars:
Gozag
Uskayaw
Wu Jian

Annotations:
D:4 Dowan, Duvessa


Innate Abilities, Weirdness & Mutations

You are resistant to damage.
You can heal yourself by infusing magical energy.
You passively map a small area around you.
You do not regenerate.


Message History

The puff of flame hits you!
* * * LOW HITPOINT WARNING * * *
Dowan casts a spell at you. The puff of frost hits you!
* * * LOW HITPOINT WARNING * * *
You feel much better. The ogre hits you with a +0 giant club!
You slash the ogre!
The ogre is heavily wounded.
The ogre hits you with a +0 giant club!!
* * * LOW HITPOINT WARNING * * *
You are too injured to fight recklessly!
You are too injured to fight recklessly!
You are too injured to fight recklessly!
You are too injured to fight recklessly!
You are too injured to fight recklessly!
You are too injured to fight recklessly!
You are too injured to fight recklessly!
You are too injured to fight recklessly!
You fail to use your ability.
The ogre hits you with a +0 giant club!
You die...

................ , , #.
................ #. ** * ##
..............# #.#
.......$......# , ,..#
..............# ** #.#
..............# # *#.#
..............## #.##.#
..............e###.##.####
..............eO@...>....########
....#..###.#########..##>........
...≈..##############..###########
≈.≈≈≈...# #...........#
...≈....###.########..#
§≈...≈..........##....#
≈≈§.≈§≈.........##.#.##
.§§..§..........##.#.##
...≈...≈........##....###


You could see Duvessa, an ogre and Dowan.

Vanquished Creatures
  A black bear (D:3)
  A phantom (D:4)
  An orc priest (D:3)
  2 worker ants (D:4)
  An adder (D:3)
  2 oozes
  A dart slug (D:1)
  4 orcs (D:3)
  6 bats
  A goblin (D:3)
  5 hobgoblins
  A jackal (D:1)
  2 frilled lizards
  A jackal skeleton (D:3)
  5 rats
34 creatures vanquished.

Notes
Turn   | Place    | Note
-------+----------+-------------------------------------------
     0 | D:1      | Flugslaktarn the Deep Dwarf Fighter began the quest for the
                  | Orb.
     0 | D:1      | Reached XP level 1. HP: 20/20 MP: 1/1
    65 | D:1      | Reached XP level 2. HP: 27/27 MP: 2/2
   326 | D:3      | Found an opulent altar of Gozag.
   355 | D:3      | Reached XP level 3. HP: 23/34 MP: 3/3
   361 | D:3      | Found an ornate altar of the Wu Jian Council.
   411 | D:3      | Noticed a black bear
   417 | D:3      | Reached XP level 4. HP: 42/42 MP: 4/4
   436 | D:3      | Killed a black bear
   436 | D:3      | Reached XP level 5. HP: 29/49 MP: 5/5
   612 | D:4      | Noticed a +0 dagger
   612 | D:4      | Noticed a +0 dagger
   613 | D:4      | Found a hide-covered altar of Uskayaw.
   694 | D:4      | Noticed a phantom
   726 | D:4      | Killed a phantom
   726 | D:4      | Reached XP level 6. HP: 56/57 MP: 5/5
   848 | D:4      | Noticed Duvessa
   848 | D:4      | Noticed Dowan
   872 | D:4      | Slain by an ogre

Levels and vault maps discovered:
D:1:      onia_arrival_handbag, layout_rooms, minmay_tall_x
D:2:      layout_rooms, minmay_between
D:3:      minmay_evil_eye, layout_loops_ring, lemuel_doored_altar,
          gammafunk_ghost_grave, first_ration,
          nicolae_gozag_cash_rules_everything_around_me
D:4:      layout_loops_ring, dancing_weapons_uskayaw,
          minmay_misc_feat_nine_boxes, serial_bayou_pond_d,
          minmay_crystal_water, wad_floor_pattern_2, kennysheep_doodads,
          guppyfry_early_orc_mine, uniq_duvessa

Skill      XL: |  1  2  3  4 |
---------------+-------------+-----
Axes           | 3 4 |  4.8
Fighting       | 3 |  3.6
Armour         | 4 |  4.4
Shields        | 4 |  4.4

Action                   |  1- 3 |  4- 6 || total
-------------------------+-------+-------++-------
Melee: War axe           |    84 |    83 ||   167
 Abil: Heal Wounds       |     1 |     5 ||     6
Armor: Scale mail        |    43 |    32 ||    75
Dodge: Dodged            |    29 |    30 ||    59
Block: Kite shield       |    50 |    49 ||    99

Table legend:
 A = Non-vault XP
 B = Vault XP
 C = Vault XP percentage of total XP
 D = Non-vault monster count
 E = Vault monster count
 F = Vault count percentage of total count
                 A         B        C        D         E       F
            +---------+---------+-------+---------+---------+-------
      Total |     429 |       3 |   0.7 |      31 |       3 |   8.8
            +---------+---------+-------+---------+---------+-------
        D:1 |      31 |       3 |   8.8 |      14 |       3 |  17.6
        D:2 |       1 |       0 |   0.0 |       1 |       0 |   0.0
        D:3 |     206 |       0 |   0.0 |      12 |       0 |   0.0
        D:4 |     191 |       0 |   0.0 |       4 |       0 |   0.0
            +---------+---------+-------+---------+---------+-------
